 Dungeon Crawl Stone Soup version 0.21.1-1-g345015f (webtiles) character file.

93 Falco the Gusty (level 4, -6/33 HPs)
             Began as a Draconian Air Elementalist on May 3, 2018.
             Mangled by Sigmund
             ... wielding a +0 scythe of venom
              (8 damage)
             ... on level 2 of the Dungeon.
             The game lasted 00:11:22 (1936 turns).

Falco the Gusty (Draconian Air Elementalist)        Turns: 1936, Time: 00:11:23

Health: -6/33      AC:  5    Str: 16    XL:     4   Next: 36%
Magic:  3/8        EV: 17    Int: 16    God:
Gold:   26         SH:  0    Dex: 16    Spells: 3/9 levels left

rFire    . . .     SeeInvis .   d - +2 dagger (drain)
rCold    . . .     Gourm    .   (no shield)
rNeg     . . .     Faith    .   (armour unavailable)
rPois    .         Spirit   .   (helmet restricted)
rElec    .         Reflect  .   (no cloak)
rCorr    .         Harm     .   (no gloves)
MR       .....                  (no boots)
Stlth    +++.......             (no amulet)
HPRegen  0.11/turn              (no ring)
MPRegen  0.11/turn              (no ring)

@: mighty, agile, lethally poisoned (-6 -> -11), sluggish, very slow
A: unfitting armour, cold-blooded, AC +5
a: no special abilities


You were on level 2 of the Dungeon.
You were not hungry.

You visited 1 branch of the dungeon, and saw 2 of its levels.

You collected 26 gold pieces.

Inventory:

Hand Weapons
 d - a +2 dagger of draining (weapon)
Missiles
 c - a throwing net (quivered)
Scrolls
 e - a scroll of identify
 f - a scroll of enchant armour
 j - a scroll of remove curse {unknown}
Potions
 i - a potion of agility
Books
 a - a book of Air

   Spells                             Type                      Level
   a - Shock                          Conjuration/Air              1
   b - Swiftness                      Charms/Air                   2
   c - Static Discharge               Conjuration/Air              3
   d - Airstrike                      Air                          4
   e - Lightning Bolt                 Conjuration/Air              5
Comestibles
 b - 2 rations


   Skills:
 + Level 0.9 Short Blades
 + Level 1.9 Dodging
 + Level 2.0 Stealth
 + Level 3.0 Spellcasting
 + Level 1.3 Conjurations
 + Level 4.0 Air Magic


You had 3 spell levels left.
You knew the following spells:

 Your Spells              Type           Power        Failure   Level  Hunger
a - Shock                 Conj/Air       ##..         6%          1    #......
b - Swiftness             Chrm/Air       #.......     12%         2    ##.....
c - Static Discharge      Conj/Air       ##......     19%         3    ###....


Dungeon Overview and Level Annotations

Branches:
Dungeon (2/15)

Altars:

Annotations:
D:2 Sigmund


Innate Abilities, Weirdness & Mutations

Your plain brown scales are hard. (AC +5)
You cannot fit into any form of body armour.
You are cold-blooded and may be slowed by cold attacks.


Message History

* * * LOW HITPOINT WARNING * * *
* * * LOW HITPOINT WARNING * * *
You feel sick.
Sigmund says, "Now you see me, now you don't..."
* * * LOW HITPOINT WARNING * * *
You feel sick.
It was a potion of might.
You feel very mighty all of a sudden.
* * * LOW HITPOINT WARNING * * *
You feel sick.
Your magical contamination has completely faded away.
As you read the scroll labeled ASACSOYRE ZASCH, it crumbles to dust.
The scroll dissolves into smoke.
It was a scroll of fog.
* * * LOW HITPOINT WARNING * * *
You feel sick. Sigmund barely misses you.
* * * LOW HITPOINT WARNING * * *
You feel sick.
You start to feel a little faster.
Sigmund hits you from afar with a scythe of venom!
You die...

....# #..........#
##### #.........†#
#..........# ..
#.#####.......)..#....
...$...................
##.####................
##.#+####...####. #.#.#
##### #@#@# ###+###§#§#
#.....§§@§# #.....§§§§#
#.....§§§§# #.........+
#.........# #.........#
#.........#


You could see Sigmund.

Vanquished Creatures
  An adder (D:2)
  3 gnolls (D:2)
  2 oozes
  A dart slug (D:2)
  2 leopard geckos
  5 bats
  A giant cockroach (D:1)
  7 goblins
  4 hobgoblins (D:1)
  4 jackals (D:1)
  6 kobolds (D:1)
  A frilled lizard (D:1)
  2 rats (D:1)
39 creatures vanquished.

Notes
Turn   | Place    | Note
-------+----------+-------------------------------------------
     0 | D:1      | Falco the Draconian Air Elementalist began the quest for the Orb.
     0 | D:1      | Reached XP level 1. HP: 14/14 MP: 3/3
   208 | D:1      | Reached XP level 2. HP: 20/20 MP: 5/5
   216 | D:1      | Learned a level 2 spell: Swiftness
   864 | D:1      | Reached XP level 3. HP: 26/26 MP: 3/6
   954 | D:1      | Learned a level 3 spell: Static Discharge
  1664 | D:2      | Reached skill level 4 in Air Magic
  1664 | D:2      | Reached XP level 4. HP: 33/33 MP: 1/8
  1878 | D:2      | Noticed Sigmund
  1935 | D:2      | HP: 1/33 [poisoned by Sigmund]
  1936 | D:2      | Mangled by Sigmund

Skill      XL: |  1  2  3  4 |
---------------+-------------+-----
Air Magic      | 4 |  4.0
Stealth        | 2 |  2.0
Spellcasting   | 3 |  3.0
Short Blades   | |  0.9
Dodging        | |  1.9
Conjurations   | |  1.3

Action                   |  1- 3 |  4- 6 || total
-------------------------+-------+-------++-------
Melee: Dagger            |    42 |    14 ||    56
       Whip              |     1 |       ||     1
       Tailslap          |     1 |     1 ||     2
 Cast: Shock             |    48 |     5 ||    53
       Swiftness         |       |     1 ||     1
  Use: Scroll            |     2 |     1 ||     3
       Potion            |       |     2 ||     2
 Stab: Sleeping          |     4 |     1 ||     5
  Eat: Ration            |     1 |       ||     1
Armor: Skin              |    21 |     5 ||    26
Dodge: Dodged            |    24 |    16 ||    40
